 Dungeon Crawl Stone Soup version 0.20.0-8-g6b59dc7 (webtiles) character file.

171 uglyjohn the Ruffian (level 5, -1/38 HPs)
             Began as a Demonspawn Gladiator on May 31, 2017.
             Killed by divine providence
             ... invoked by an orc priest
              (12 damage)
             ... on level 3 of the Dungeon.
             The game lasted 00:06:34 (4056 turns).

uglyjohn the Ruffian (Demonspawn Gladiator)         Turns: 4056, Time: 00:06:35

Health: -1/38      AC:  9    Str: 15    XL:     5   Next: 26%
Magic:  0/5        EV: 10    Int: 10    God:
Gold:   196        SH:  0    Dex: 14    Spells: 4/4 levels left

rFire    . . .     SeeInvis .   a - +1 war axe
rCold    + . .     Gourm    .   (no shield)
rNeg     . . .     Faith    .   q - +1 scale mail {rC+}
rPois    .         Spirit   +   c - +1 helmet
rElec    .         Reflect  .   (no cloak)
rCorr    .         Harm     .   (no gloves)
MR       .....                  (no boots)
Stlth    ..........             (no amulet)
Regen    0.2/turn               (no ring)
MPRegen  0.1/turn               (no ring)

@: no status effects
A: claws 1, magic shield
a: no special abilities


You were on level 3 of the Dungeon.
You were not hungry.

You visited 1 branch of the dungeon, and saw 3 of its levels.

You collected 196 gold pieces.

Inventory:

Hand Weapons
 a - a +1 war axe (weapon)
Missiles
 d - 3 throwing nets (quivered)
Armour
 b - a +0 leather armour
 c - a +1 helmet (worn)
 g - a +0 ring mail
 q - a +1 scale mail of cold resistance (worn)
Jewellery
 p - an uncursed ring of fire {unknown}
Scrolls
 e - 2 scrolls of recharging
 j - 3 scrolls of enchant weapon
Potions
 h - a potion of resistance {unknown}
 i - 4 potions of invisibility {unknown}
 m - a potion of mutation {unknown}
 n - a potion of lignification {unknown}
 u - a potion of berserk rage {unknown}
Comestibles
 f - 2 bread rations
 l - a royal jelly
 r - a meat ration
 s - 3 fruits
 t - a chunk of flesh


   Skills:
 - Level 2.0 Fighting
 - Level 2.6 Axes
 - Level 1.7 Throwing
 - Level 1.5 Armour
 - Level 2.6 Dodging
 + Level 4.1 Unarmed Combat


You had 4 spell levels left.
You didn't know any spells.

Dungeon Overview and Level Annotations

Branches:
Dungeon (3/15)

Altars:


Innate Abilities, Weirdness & Mutations

You have sharp fingernails.
When hurt, damage is shared between your health and your magic reserves.


Message History

You hit the orc priest.
The orc priest is almost dead.
You slash the phantom!
The phantom blinks!
The orc priest barely misses you.
You hit the orc priest but do no damage.
The orc priest is almost dead.
The orc priest barely misses you.
Your scale mail prevents you from hitting the orc priest.
The orc priest is almost dead.
The orc priest invokes the aid of Beogh against you.
Beogh smites you!
* * * LOW HITPOINT WARNING * * *
You are too injured to fight recklessly!
You are too injured to fight recklessly!
You are too injured to fight recklessly!
You completely miss the orc priest.
The orc priest is almost dead.
The orc priest looks satisfied for a moment.
The orc priest mumbles some strange prayers to Beogh against you.
Beogh smites you!
You die...

#.........#.###.######
#<.......#.# #.# ##
#####.#.....#.# #.# ##.
##........####.# #.#######..
###....#...).# #.# #.....##...
......##....$# #.###.#...##..>
........(....###.##....####...
.......(.....o.........# #...
...........#.@....<....####...
............#........รท........
....K.......#..........####...
............#.........(#......
..........#.#..........# ##...
..........#.###...####... #...
##.o##....#.# ...## ..####...
.!. #....# ....# .## ##.. # ##.


You could see an orc priest.

Vanquished Creatures
  A howler monkey (D:2)
  A gnoll (D:1)
  8 adders (D:2)
  A worm (D:2)
  A dart slug (D:1)
  2 leopard geckos
  5 giant cockroaches
  9 goblins
  7 hobgoblins
  4 kobolds
  5 bats
  4 frilled lizards
  3 rats
51 creatures vanquished.

Notes
Turn   | Place    | Note
-------+----------+-------------------------------------------
     0 | D:1      | uglyjohn the Demonspawn Gladiator began the quest for the Orb.
     0 | D:1      | Reached XP level 1. HP: 16/16 MP: 1/1
    67 | D:1      | Reached skill level 1 in Armour
   331 | D:1      | Gained mutation: You have sharp fingernails. [demonic ancestry]
   331 | D:1      | Reached XP level 2. HP: 17/22 MP: 2/2
   884 | D:1      | Reached skill level 1 in Unarmed Combat
   954 | D:1      | Reached XP level 3. HP: 26/27 MP: 3/3
  1502 | D:2      | Reached skill level 2 in Unarmed Combat
  2146 | D:2      | Gained mutation: When hurt, damage is shared between your health and your magic reserves. [demonic ancestry]
  2146 | D:2      | Reached XP level 4. HP: 28/33 MP: 4/4
  2305 | D:2      | Reached skill level 3 in Unarmed Combat
  3703 | D:3      | Noticed a phantom
  3968 | D:2      | Reached skill level 4 in Unarmed Combat
  3968 | D:2      | Reached XP level 5. HP: 34/38 MP: 3/5
  4056 | D:3      | Killed from afar by an orc priest

Skill      XL: |  1  2  3  4 |
---------------+-------------+-----
Armour         | 1 |  1.5
Unarmed Combat | 1 2 4 |  4.1
Fighting       | |  2.0
Axes           | |  2.6
Throwing       | |  1.7
Dodging        | |  2.6

Action                   |  1- 3 |  4- 6 || total
-------------------------+-------+-------++-------
Melee: War axe           |   109 |   114 ||   223
       Punch             |       |     2 ||     2
  Use: Scroll            |     1 |     3 ||     4
  Eat: Chunk             |     3 |     7 ||    10
Armor: Leather armour    |    20 |       ||    20
       Ring mail         |    32 |    20 ||    52
       Scale mail        |       |    32 ||    32
Dodge: Dodged            |    87 |    64 ||   151
